 Dungeon Crawl Stone Soup version 0.21.0-3-g78d12a8 (webtiles) character file.

54 komo4ek the Insei (level 3, 0/23 HPs)
             Began as an Octopode Transmuter on Jan 11, 2018.
             Succumbed to an adder's poison
             ... on level 2 of the Dungeon.
             The game lasted 00:02:26 (1165 turns).

komo4ek the Insei (Octopode Transmuter)             Turns: 1165, Time: 00:02:27

Health: 0/23       AC:  1    Str: 10    XL:     3   Next: 91%
Magic:  6/6        EV: 13    Int: 15    God:
Gold:   2          SH:  0    Dex: 12    Spells: 6/6 levels left

rFire    . . .     SeeInvis .   e - scroll of enchant weapon {unknown}
rCold    . . .     Gourm    .   (no shield)
rNeg     . . .     Faith    .   (helmet restricted)
rPois    .         Spirit   .   (no amulet)
rElec    .         Reflect  .   (no ring)
rCorr    .         Harm     .   (no ring)
MR       .....                  (no ring)
Stlth    ++........             (no ring)
HPRegen  0.07/turn              (no ring)
MPRegen  0.10/turn              (no ring)
                                (no ring)
                                (no ring)

@: lethally poisoned (0 -> -2)
A: almost no armour, stealthy swim, amphibious, 8 rings, constrict 8, camouflage
1, gelatinous body 1
a: no special abilities


You were on level 2 of the Dungeon.
You were not hungry.

You visited 1 branch of the dungeon, and saw 2 of its levels.

You collected 2 gold pieces.

Inventory:

Missiles
 a - 12 arrows
Scrolls
 d - a scroll of amnesia
 e - a scroll of enchant weapon (in tentacle) {unknown}
 f - 2 scrolls of identify {unknown}
Books
 b - a book of Changes

   Spells                             Type                      Level
   a - Beastly Appendage              Transmutation                1
   b - Sticks to Snakes               Transmutation                2
   c - Spider Form                    Transmutation/Poison         3
   d - Ice Form                       Ice/Transmutation            4
   e - Blade Hands                    Transmutation                5
Comestibles
 c - a ration


   Skills:
 + Level 1.6 Fighting
 + Level 2.5 Dodging
 * Level 3.6 Unarmed Combat
 + Level 2.4 Spellcasting
   Level 2.3 Transmutations


You had 6 spell levels left.
You didn't know any spells.

Dungeon Overview and Level Annotations

Branches:
Dungeon (2/15)

Altars:


Innate Abilities, Weirdness & Mutations

You cannot wear most types of armour.
You are very stealthy in the water. (Stealth+)
You are amphibious.
You can wear up to eight rings at the same time.
You can use your tentacles to constrict eight enemies at once.
Your skin changes colour to match your surroundings (Stealth+).
Your rubbery body absorbs attacks. (AC +1, EV +1)


Message History

There is a lethal amount of poison in your body!
There is a lethal amount of poison in your body!
There is a lethal amount of poison in your body!
There is a lethal amount of poison in your body!
There is a lethal amount of poison in your body!
There is a lethal amount of poison in your body!
There is a lethal amount of poison in your body!
There is a lethal amount of poison in your body!
* * * LOW HITPOINT WARNING * * *
You feel sick.
* * * LOW HITPOINT WARNING * * *
You feel sick.
A ball python comes into view.
* * * LOW HITPOINT WARNING * * *
You feel sick.
Items here: $ ††† 9 gold pieces; a leopard gecko corpse; an adder corpse; a jackal corpse
* * * LOW HITPOINT WARNING * * *
You feel sick.
You die...

.# ## ##......... )#
....##........# .#
#........#####.. .# .#
##.####.## .# .### ^#####.
#†.# .# ..)###.##....
#$#####.. ##...........
#.##..>
....##.##....###.#..# ##.##
...............#@#.##>.....
###....#### ##....†........
###..# ##(...####<.....
##..#####..#.## .....
#............# ##..
#...........## #
#..........## #..........#
#..........#


There were no monsters in sight!

Vanquished Creatures
  An adder (D:2)
  A worm (D:2)
  A leopard gecko (D:2)
  4 bats
  5 giant cockroaches (D:1)
  3 goblins (D:1)
  7 hobgoblins
  3 jackals (D:2)
  A quokka (D:2)
  A ball python (D:1)
  A frilled lizard (D:1)
  4 kobolds
  5 rats
37 creatures vanquished.

Notes
Turn   | Place    | Note
-------+----------+-------------------------------------------
     0 | D:1      | komo4ek the Octopode Transmuter began the quest for the Orb.
     0 | D:1      | Reached XP level 1. HP: 13/13 MP: 3/3
   148 | D:1      | Reached XP level 2. HP: 13/18 MP: 5/5
   481 | D:1      | Reached XP level 3. HP: 21/23 MP: 6/6
  1161 | D:2      | HP: 1/23 [poisoned by an adder]
  1165 | D:2      | Succumbed to an adder's poison

Action                   || total
-------------------------++-------
Melee: Unarmed           ||    91
       Constrict         ||    22
       Tentacles         ||    12
       Kick              ||     2
       Punch             ||     1
 Cast: Beastly Appendage ||     2
  Use: Scroll            ||     1
 Stab: Sleeping          ||     6
       Distracted        ||     1
  Eat: Ration            ||     1
Armor: Skin              ||    11
Dodge: Dodged            ||    70
